 Dungeon Crawl Stone Soup version 0.28-a0-1518-gbe868bca14 (webtiles) character file.

Game seed: 11082441042768195216

132493 Foxy the Fighter (level 16, -6/197 HPs)
             Began as a Troll Monk on Jan 17, 2022.
             Was a High Priest of Ashenzari.
             Mangled by a spark wasp (13 damage)
             ... on level 1 of the Depths.
             The game lasted 01:23:15 (22798 turns).

Foxy the Fighter (Troll Monk)                      Turns: 22798, Time: 01:23:16

Health: -6/197     AC: 13    Str: 29    XL:     16   Next: 57%
Magic:  14/28      EV: 12    Int: 21    God:    Ashenzari [*****.]
Gold:   2600       SH: 17    Dex: 16    Spells: 19/33 levels left

rFire   + . .      SeeInvis +   n - +1 trident (spect)
rCold   . . .      Faith    .   l - +0 tower shield of the Astrological Omen {Cun, Self} (curse)
rNeg    + . .      Spirit   .   N - +0 acid dragon scales "Sibylline Desperation" {rCorr, Fort, Cun} (curse)
rPois   +          Reflect  .   g - +2 hat of Supernal Wisdom {rF+ Regen+, Melee, Self} (curse)
rElec   .          Harm     .   c - +1 cloak of Ashenzari's Scepticism {Melee, Self} (curse)
rCorr   +          Rampage  .   (gloves unavailable)
Will    +....      Clarity  +   (boots unavailable)
Stlth   +.........              Y - amulet of the Cursed Moon {Regen+, Elem, Fort} (curse)
HPRegen 2.82/turn               a - ring of Supernal Understanding {rPois rN+ Int+2 Dex+4, Fort, Self} (curse)
MPRegen 0.21/turn               I - ring "I Knew You'd Do That" {Str+6 Int+7 Slay+2 Stlth-, Self, Melee} (curse)

@: studying Fighting
A: large, unfitting armour, claws 3, regeneration 1, shaggy fur 1, tough skin 1
a: Renounce Religion, Curse Item, Shatter the Chains


You were on level 1 of the Depths.
You worshipped Ashenzari.
Ashenzari was extremely pleased with you.
You visited 5 branches of the dungeon, and saw 25 of its levels.
You also visited: Bailey and Ice Cave.

You collected 4940 gold pieces.
You spent 2340 gold pieces at shops.

Inventory:

Hand Weapons
 n - a +1 spectral trident (weapon)
 s - the +9 hand axe of Fayd {drain, rElec rC++}
   (You found it on level 6 of the Lair of Beasts)

   A truly terrible weapon, it drains the life of any living foe it strikes.
   rC:        It greatly protects you from cold.
   rElec:     It insulates you from electricity.
Missiles
 G - 5 curare-tipped darts
 H - 6 silver boomerangs (quivered)
 J - 4 poisoned darts
 K - 19 javelins
 U - 17 large rocks
 W - 4 throwing nets
Armour
 c - the cursed +1 cloak of Ashenzari's Scepticism (worn) {Melee, Self}
   (You found it on level 1 of the Dungeon)

   It has a curse which improves the following skills: Melee Combat: Short
   Blades, Long Blades, Axes, Maces & Flails, Polearms, Staves and Unarmed
   Combat.
   Introspection: Fighting and Spellcasting.
 g - the cursed +2 hat of Supernal Wisdom (worn) {rF+ Regen+, Melee, Self}
   (You acquired it on level 5 of the Dungeon)

   rF:        It protects you from fire.
   Regen:     It increases your rate of health regeneration.
   It has a curse which improves the following skills: Melee Combat: Short
   Blades, Long Blades, Axes, Maces & Flails, Polearms, Staves and Unarmed
   Combat.
   Introspection: Fighting and Spellcasting.
 l - the cursed +0 tower shield of the Astrological Omen (worn) {Cun, Self}
   (You took it off a vault guard on level 13 of the Dungeon)

   It has a curse which improves the following skills: Cunning: Dodging and
   Stealth.
   Introspection: Fighting and Spellcasting.
 N - the cursed +0 acid dragon scales "Sibylline Desperation" (worn) {rCorr, Fort, Cun}
   (You found it on level 9 of the Dungeon)

   rCorr:     It protects you from acid and corrosion.
   It has a curse which improves the following skills: Fortitude: Armour and
   Shields.
   Cunning:   Dodging and Stealth.
 T - +2 ice dragon scales
Jewellery
 a - the cursed ring of Supernal Understanding (left claw) {rPois rN+ Int+2 Dex+4, Fort, Self}
   (You acquired it on level 5 of the Dungeon)

   [ring of poison resistance]

   Int:       It affects your intelligence (+2).
   Dex:       It affects your dexterity (+4).
   rPois:     It protects you from poison.
   rN:        It protects you from negative energy.
   It has a curse which improves the following skills: Fortitude: Armour and
   Shields.
   Introspection: Fighting and Spellcasting.
 I - the cursed ring "I Knew You'd Do That" (right claw) {Str+6 Int+7 Slay+2 Stlth-, Self, Melee}
   (You bought it in a shop on level 3 of the Dungeon)

   [ring of strength]

   Str:       It affects your strength (+6).
   Int:       It affects your intelligence (+7).
   Slay:      It affects your accuracy & damage with ranged weapons and melee
   (+2).
   Stlth:     It makes you less stealthy.
   It has a curse which improves the following skills: Introspection: Fighting
   and Spellcasting.
   Melee Combat: Short Blades, Long Blades, Axes, Maces & Flails, Polearms,
   Staves and Unarmed Combat.
 Y - the cursed amulet of the Cursed Moon (around neck) {Regen+, Elem, Fort}
   (You found it on level 12 of the Dungeon)

   [amulet of regeneration]

   Regen:     It increases your rate of health regeneration.
   It has a curse which improves the following skills: Elements: Fire Magic, Ice
   Magic, Air Magic and Earth Magic.
   Fortitude: Armour and Shields.
Wands
 y - a wand of flame (38)
 A - a wand of digging (7)
 F - a wand of polymorph (25)
 M - a wand of paralysis (9)
 X - a wand of iceblast (21)
 Z - a wand of charming (6)
Scrolls
 e - 4 scrolls of enchant armour
 f - 4 scrolls of vulnerability
 i - 3 scrolls of blinking
 j - 8 scrolls of teleportation
 o - a scroll of amnesia
 p - a scroll of brand weapon
 t - 3 scrolls of fog
 u - 2 scrolls of immolation
 w - 3 scrolls of magic mapping
 C - 4 scrolls of summoning
 E - 2 scrolls of fear
 L - 2 scrolls of holy word
 P - 3 scrolls of silence
Potions
 b - 3 potions of lignification
 d - 19 potions of curing
 h - 2 potions of cancellation
 k - 4 potions of attraction
 m - a potion of berserk rage
 r - a potion of magic
 v - 2 potions of resistance
 x - a potion of brilliance
 z - 2 potions of invisibility
 B - 3 potions of heal wounds
 D - a potion of might
 O - a potion of flight
 R - a potion of mutation
 V - 2 potions of haste
Miscellaneous
 q - a condenser vane
 Q - a tin of tremorstones (2/2)
 S - a phantom mirror


   Skills:
 + Level 14.9(21.2) Fighting
 - Level 2.2(9.5) Axes
 - Level 12.0(16.5) Polearms
 - Level 1.3(4.0) Armour
 - Level 7.1(10.6) Dodging
 - Level 1.0(2.9) Stealth
 - Level 6.5(11.0) Shields
 - Level 3.6(9.0) Spellcasting
 - Level 7.0 Necromancy
 - Level 3.0 Transmutations
 - Level 13.7(16.0) Earth Magic
 * Level 4.5 Poison Magic


You had 19 spell levels left.
You knew the following spells:

 Your Spells              Type           Power      Damage    Failure   Level
a - Passwall              Tmut/Erth      40%        N/A       1%          2
b - Borgnjor's Vile Clut  Necr/Erth      27%        N/A       8%          5
c - Olgreb's Toxic Radia  Pois           28%        N/A       45%         4
d - Ignite Poison         Fire/Tmut/Pois 20%        N/A       32%         3

Your spell library contained the following spells:

 Spells                   Type           Power      Damage    Failure   Level
 Sandblast                Erth           100%       2d20      1%          1
 Lee's Rapid Deconstruct  Erth           33%        3d18*     1%          5
 Stone Arrow              Conj/Erth      86%        3d12      3%          3
 Vampiric Draining        Necr           38%        2d8       5%          3
 Sting                    Tmut/Pois      100%       1d8       7%          1
 Leda's Liquefaction      Hex/Erth       21%        N/A       12%         4
 Poisonous Vapours        Pois/Air       38%        N/A       19%         2
 Animate Dead             Necr           19%        N/A       19%         4
 Shock                    Conj/Air       40%        1d5       30%         1
 Slow                     Hex            36%        N/A       32%         1
 Mephitic Cloud           Conj/Pois/Air  16%        N/A       45%         3
 Excruciating Wounds      Necr           19%        N/A       45%         5
 Ozocubu's Armour         Ice            10%        N/A       65%         3
 Swiftness                Air            10%        N/A       65%         3
 Call Canine Familiar     Summ           9%         N/A       67%         3
 Confusing Touch          Hex            9%         N/A       67%         3
 Gell's Gravitas          Tloc           9%         N/A       67%         3
 Portal Projectile        Hex/Tloc       18%        N/A       67%         3
 Teleport Other           Tloc           9%         N/A       67%         3
 Tukima's Dance           Hex            9%         N/A       67%         3
 Statue Form              Tmut/Erth      32%        N/A       69%         6
 Ice Form                 Ice/Tmut       16%        N/A       86%         4
 Alistair's Intoxication  Tmut/Pois      16%        N/A       88%         5
 Blade Hands              Tmut           11%        N/A       95%         5
 Death Channel            Necr           19%        N/A       95%         6
 Airstrike                Air            5%         N/A       96%         4
 Hailstorm                Conj/Ice       10%        3d5       97%         4
 Passage of Golubria      Tloc           9%         N/A       97%         4
 Summon Lightning Spire   Summ/Air       10%        N/A       97%         4
 Irradiate                Conj/Tmut      7%         3d15      99%         5
 Yara's Violent Unravell  Hex/Tmut       7%         3d5       99%         5
 Freezing Cloud           Conj/Ice/Air   5%         6-21      100%        5
 Lightning Bolt           Conj/Air       5%         1d17      100%        5
 Conjure Ball Lightning   Conj/Air       5%         3x3d6     100%        6
 Dispersal                Tloc           4%         N/A       100%        6
 Eringya's Noxious Bog    Tmut/Pois      12%        N/A       100%        6
 Simulacrum               Ice/Necr       12%        N/A       100%        6
 Ozocubu's Refrigeration  Ice            5%         4d6       100%        7
 Discord                  Hex            4%         N/A       100%        8
 Disjunction              Tloc           4%         N/A       100%        8


Dungeon Overview and Level Annotations

Branches:
Dungeon (15/15)            Temple (1/1) D:5            Lair (6/6) D:10
 Shoals (0/4) Lair:3       Spider (0/4) Lair:2        Slime (0/5) Lair:6
    Orc (2/2) D:11            Elf (0/3) Orc:2        Vaults (0/5) D:13
 Depths (1/4) D:15         Bailey (visited)           IceCv (visited)

Altars:
Ashenzari
Cheibriados
Elyvilon
Fedhas
Gozag
Kikubaaqudgha
Makhleb
Okawaru
Trog
Vehumet
Wu Jian
Xom
Zin
Beogh
Jiyva

Shops:
D:3 :?[=   D:6 :   Orc:1 *   Orc:2 ([([

Portals:
Hell: Depths:1
Trove: D:14 (give +7 demon whip)

Annotations:
D:13 2 transporters, exclusion: obsidian statue, ragingrage's ghost, journeyman GrAr
Lair:6 1 runed translucent door
Orc:1 3 runed translucent doors, Oruetys's ghost, journeyman FoFi


Innate Abilities, Weirdness & Mutations

You are too large for most types of armour.
You have claws for hands.
Your natural rate of healing is unusually fast.
You are covered in fur. (AC +1)
You have tough skin. (AC +1)


Message History

The spark wasp struggles to escape constriction.
The spark wasp stings you! The spark wasp shocks you!
The spark wasp stings you but does no damage.
You puncture the spark wasp!
The spark wasp is moderately wounded.
The zombie hands constrict the spark wasp.
The zombie hands constrict the spark wasp!
The spark wasp escapes!
The spark wasp stings you!! The spark wasp shocks you!
You block the spark wasp's attack.
You impale the spark wasp!!
The spark wasp is almost dead.
The zombie hands constrict the spark wasp.
The zombie hands release their grip on the spark wasp.
You block the spark wasp's attack.
The spark wasp bursts into living lightning!
The living lightning hits you!!
The living lightning hits the spark wasp.
The spark wasp completely resists.
The living lightning misses the spark wasp.
The spark wasp blinks! x3
The spark wasp stings you but does no damage.
You puncture the spark wasp!
The spark wasp is almost dead.
The spark wasp stings you. The spark wasp shocks you!
The spark wasp stings you!!
* * * LOW HITPOINT WARNING * * *
The spark wasp shocks you!
* * * LOW HITPOINT WARNING * * *
The spark wasp stings you but does no damage.
Casting: Borgnjor's Vile Clutch (mildly dangerous; 8% risk of failure)
Confirm with . or Enter, or press ? or * to list all spells.
Aiming: Borgnjor's Vile Clutch (mildly dangerous; 8% risk of failure)
Press: ? - help, Shift-Dir - straight line, f - spark wasp, p - spark wasp
Aim: a spark wasp (moderately wounded, 100% to hit)
Zombie hands grab the spark wasp. x2
The zombie hands constrict the spark wasp. x2
The spark wasp stings you!!
* * * LOW HITPOINT WARNING * * *
The spark wasp shocks you!
You die...

........##.#.###.#.#.{...#..+....
........##.#.###.#.'.....#.##8...
........##.#.###...#.....#.###...
##......##.#.#####.#.....#.####8.
.+......##.#.#####.#...ยง.'....##.
.#......##.#.#####.#.....#.##.###
.#......##.#.#####.#.....#.##...#
##......##...#####.#.....#.##.#..
........####...y@yy#...y.#....###
........##########.'.....####.###
........############.....####.###
........# ##########.....####.###
........# ####.....'....###
........# ###.....########
######### ###############
#############


You could see 3 spark wasps.

Vanquished Creatures
  Saint Roka (Orc:2)
  An Ice Fiend (IceCv)
  An orc warlord (D:11)
  3 very ugly things (Depths:1)
  2 stone giants (Depths:1)
  Nessos (D:12)
  2 fire dragons (Depths:1)
  An ettin (Depths:1)
  2 great orbs of eyes (Depths:1)
  10 vault guards
  An ice dragon (Lair:6)
  A boulder beetle (D:12)
  An ogre mage (D:15)
  A caustic shrike simulacrum (IceCv)
  A spriggan air mage (Depths:1)
  5 hydras
  2 rakshasas (D:15)
  3 catoblepae
  6 centaur warriors
  A deep troll shaman (Depths:1)
  A death knight (D:15)
  3 death yaks (Lair:6)
  8 two-headed ogres
  Urug (D:11)
  2 tengu warriors (Depths:1)
  Sonja (Orc:2)
  An obsidian statue (IceCv)
  A glowing orange brain (D:15)
  A deep troll (Depths:1)
  A bog body (IceCv)
  7 spriggan simulacra (IceCv)
  4 lindwurms (Lair:6)
  Pikel (D:8)
  An orc knight (Orc:2)
  4 deep elf pyromancers
  5 orc sorcerers (Orc:2)
  23 ugly things
  2 cyclopes
  6 manticores
  8 elephants
  7 centaur zombies
  2 ice statues (D:14)
  5 black mambas
  A gargoyle (D:11)
  8 torpor snails
  7 cane toads
  5 yaktaurs (D:15)
  2 freezing wraiths (IceCv)
  8 entropy weaver simulacra (IceCv)
  5 rime drakes
  6 komodo dragons
  7 ice devils (IceCv)
  3 anaconda simulacra (IceCv)
  A tengu conjurer (Depths:1)
  3 meliai (D:14)
  5 polar bears
  Prince Ribbit (Bailey)
  3 tyrant leeches (Lair:6)
  22 blink frogs
  4 trolls
  6 hornets (Lair:6)
  2 wolf spider simulacra (D:14)
  10 slime creatures
  2 centaur simulacra (D:14)
  13 dream sheep
  4 water elementals
  6 wyverns
  A dire elephant simulacrum (IceCv)
  70 yaks
  A yak (shapeshifter) (D:15)
  4 wraiths
  8 basilisks
  3 humans (Bailey)
  4 fire bats (D:12)
  9 minotaur simulacra (IceCv)
  Grum (D:8)
  2 harpy simulacra (IceCv)
  24 vampire mosquitoes
  2 hydra simulacra (IceCv)
  2 wargs (Orc:2)
  2 acid dragons
  A hell hound (D:12)
  17 water moccasins
  A water moccasin (shapeshifter) (D:15)
  A black bear (D:10)
  2 ice beasts (D:14)
  2 sky beasts (D:6)
  43 orc warriors
  3 alligator simulacra (IceCv)
  4 boggarts (Lair:6)
  22 wolves
  8 ogres
  17 centaurs
  2 phantoms (D:6)
  2 lemures (D:8)
  A kobold brigand (D:7)
  20 bullfrogs
  5 deep troll simulacra (IceCv)
  2 scorpions
  12 killer bees
  A lindwurm simulacrum (IceCv)
  11 wights
  7 electric eels
  2 lava snakes (D:12)
  24 orc priests
  4 jellies
  A bullfrog skeleton (D:7)
  A centaur skeleton (D:5)
  Ijyb (D:5)
  2 iguanas (D:5)
  32 orc wizards
  3 howler monkey zombies
  7 adders
  2 gnolls
  A shadow imp (D:7)
  5 white imps
  An ufetubus (D:14)
  7 worms
  5 dart slugs
  138 orcs
  8 ball pythons
  9 bats
  7 endoplasms
  3 giant cockroaches
  10 goblins
  8 hobgoblins
  6 jackals
  8 quokkas
  2 frilled lizards (D:1)
  17 kobolds
  7 rats
  3 fire vortices (D:12)
916 creatures vanquished.

Vanquished Creatures (others)
  A howler monkey (D:13)
  An orc (Orc:2)
  19 fungi
  32 plants
53 creatures vanquished.

Grand Total: 969 creatures vanquished

Notes
Turn   | Place    | Note
-------+----------+-------------------------------------------
     0 | D:1      | Foxy the Troll Monk began the quest for the Orb.
     0 | D:1      | Reached XP level 1. HP: 22/22 MP: 0/0
   111 | D:1      | Reached XP level 2. HP: 26/29 MP: 1/1
   471 | D:1      | Reached XP level 3. HP: 36/36 MP: 2/2
  1250 | D:2      | Reached XP level 4. HP: 44/44 MP: 3/3
  1475 | D:3      | Found a burning altar of Makhleb.
  1541 | D:3      | Reached skill level 3 in Fighting
  1670 | D:3      | Found a faded altar of an unknown god.
  1689 | D:3      | Found Adutryna's Book Shoppe.
  1775 | D:3      | Found Paynn's Magic Scroll Boutique.
  1823 | D:3      | Found Lecegh's Armour Shoppe.
  1879 | D:3      | Found Zalijori's Jewellery Emporium.
  2200 | D:4      | Noticed a scorpion
  2331 | D:4      | Reached XP level 5. HP: 39/53 MP: 4/4
  2739 | D:4      | Found a shimmering altar of Xom.
  3024 | D:5      | Entered Level 5 of the Dungeon
  3171 | D:5      | Reached XP level 6. HP: 50/61 MP: 5/5
  3219 | D:5      | HP: 2/61 [centaur warrior zombie (7)]
  3221 | D:5      | Reached skill level 4 in Fighting
  3221 | D:5      | Reached skill level 5 in Polearms
  3221 | D:5      | Reached XP level 7. HP: 3/70 MP: 6/6
  3300 | D:5      | Found a staircase to the Ecumenical Temple.
  3317 | Temple   | Entered the Ecumenical Temple
  3365 | Temple   | Became a worshipper of Ashenzari the Shackled
  3429 | D:5      | Identified 3 scrolls of acquirement
  3429 | D:5      | Acquired the ring "Jeamoir" {rPois rN+ Int+2 Dex+4}
  3433 | D:5      | Acquired 519 gold pieces
  3435 | D:5      | Acquired the +2 hat "Maocat" {rF+ Regen+}
  3449 | D:5      | Noticed Ijyb
  3460 | D:5      | Found an iron altar of Okawaru.
  3572 | D:5      | Killed Ijyb
  3922 | D:5      | Reached XP level 8. HP: 80/80 MP: 7/7
  4165 | D:6      | Got the Catalogue of Shifting Lightness
  4190 | D:6      | Found a radiant altar of Vehumet.
  4190 | D:6      | Found a blossoming altar of Fedhas.
  4204 | D:6      | Reached skill level 5 in Dodging
  4228 | D:6      | Reached * piety under Ashenzari
  4244 | D:6      | Reached skill level 5 in Fighting
  4372 | D:6      | Found Huyzus's Book Shop.
  4438 | D:6      | Found an ancient bone altar of Kikubaaqudgha.
  4626 | D:6      | Reached XP level 9. HP: 92/92 MP: 8/8
  4787 | D:7      | Found a flagged portal.
  4803 | Bailey   | Entered a bailey
  4891 | Bailey   | Reached skill level 6 in Fighting
  4975 | Bailey   | Noticed Prince Ribbit
  4999 | Bailey   | Killed Prince Ribbit
  5010 | Bailey   | Noticed a vault guard
  5027 | Bailey   | Killed a vault guard
  5028 | Bailey   | Reached XP level 10. HP: 102/102 MP: 9/9
  5071 | Bailey   | Noticed a vault guard
  5094 | Bailey   | Killed a vault guard
  5182 | D:7      | Found a snail-covered altar of Cheibriados.
  5398 | D:7      | Reached skill level 7 in Fighting
  5739 | D:8      | Noticed Grum
  5759 | D:8      | Killed Grum
  5811 | D:8      | Acquired 979 gold pieces
  6020 | D:3      | Bought the ring "Mehilymi" {Str+6 Int+7 Slay+2 Stlth-} for
                  | 1220 gold pieces
  6024 | D:3      | Reached ** piety under Ashenzari
  6191 | D:8      | Found a bloodstained altar of Trog.
  6192 | D:8      | Found an opulent altar of Gozag.
  6315 | D:8      | Noticed Pikel
  6332 | D:8      | Killed Pikel
  6333 | D:8      | Reached skill level 10 in Polearms
  6460 | D:8      | Noticed a deep elf pyromancer
  6466 | D:8      | Killed a deep elf pyromancer
  6839 | D:9      | Identified the +2 leather armour of Autumn {Int+5}
  6990 | D:10     | Entered Level 10 of the Dungeon
  7035 | D:10     | Reached XP level 11. HP: 118/118 MP: 10/10
  7139 | D:10     | Found a staircase to the Lair.
  7223 | D:10     | Reached skill level 8 in Fighting
  7944 | D:11     | Reached *** piety under Ashenzari
  7954 | D:11     | Noticed a two-headed ogre
  7976 | D:11     | Killed a two-headed ogre
  7977 | D:11     | Reached skill level 9 in Fighting
  8069 | D:11     | Noticed a two-headed ogre
  8076 | D:11     | Killed a two-headed ogre
  8116 | D:11     | Noticed Urug
  8126 | D:11     | Killed Urug
  8188 | D:11     | Reached skill level 1 in Axes
  8229 | D:11     | Noticed a red ugly thing
  8238 | D:11     | Killed a red ugly thing
  8239 | D:11     | Reached XP level 12. HP: 118/136 MP: 8/11
  8365 | D:11     | Found a staircase to the Orcish Mines.
  8639 | D:12     | Reached skill level 10 in Fighting
  8687 | D:12     | Reached **** piety under Ashenzari
  8825 | D:12     | Reached skill level 11 in Fighting
  9024 | D:12     | Noticed Nessos
  9036 | D:12     | Killed Nessos
  9143 | D:12     | Noticed a boulder beetle
  9167 | D:12     | Killed a boulder beetle
  9528 | D:12     | Reached skill level 12 in Fighting
  9531 | D:12     | Learned a level 2 spell: Passwall
  9706 | D:12     | Reached skill level 1 in Earth Magic
  9710 | D:12     | Reached skill level 1 in Transmutations
  9961 | D:13     | Noticed a two-headed ogre
  9964 | D:13     | Killed a two-headed ogre
  9965 | D:13     | Reached skill level 1 in Spellcasting
  9972 | D:13     | Noticed a centaur warrior
  9972 | D:13     | Noticed a centaur warrior
 10037 | D:13     | Noticed a six-headed hydra
 10043 | D:13     | Killed a six-headed hydra
 10254 | D:3      | Bought a manual of Fighting for 1120 gold pieces
 10469 | D:13     | Found a transporter.
 10484 | D:13     | Noticed a two-headed ogre
 10491 | D:13     | Killed a two-headed ogre
 10510 | D:13     | Noticed a vault guard
 10510 | D:13     | Noticed a vault guard
 10510 | D:13     | Noticed a vault guard
 10518 | D:13     | Noticed a vault guard
 10519 | D:13     | Noticed a vault guard
 10520 | D:13     | Noticed a vault guard
 10527 | D:13     | Noticed a vault guard
 10544 | D:13     | Killed a vault guard
 10561 | D:13     | Killed a vault guard
 10579 | D:12     | Killed a vault guard
 10580 | D:12     | Reached XP level 13. HP: 128/156 MP: 17/17
 10590 | D:12     | Reached ***** piety under Ashenzari
 10742 | D:13     | Identified the +3 glaive of Eternal Harmony {antimagic,
                  | Will+ Dex-5 Stlth+}
 10743 | D:13     | Noticed ragingrage's ghost (journeyman GrAr)
 10755 | D:13     | Reached skill level 1 in Shields
 10762 | D:13     | Found a transporter.
 10858 | D:13     | Found a gate to the Vaults.
 11091 | Lair:1   | Entered Level 1 of the Lair of Beasts
 11101 | D:10     | Reached skill level 5 in Earth Magic
 11446 | Lair:1   | Reached skill level 13 in Fighting
 11991 | Lair:2   | Found a hole to the Spider Nest.
 12268 | Lair:3   | Found a staircase to the Shoals.
 12329 | Lair:3   | Reached skill level 5 in Shields
 12417 | Lair:3   | Learned a level 5 spell: Borgnjor's Vile Clutch
 12511 | Lair:3   | Found a shimmering altar of Xom.
 12586 | Lair:3   | Reached skill level 1 in Necromancy
 12586 | Lair:3   | Reached XP level 14. HP: 157/172 MP: 22/22
 13878 | Lair:5   | Found a snail-covered altar of Cheibriados.
 14558 | Lair:6   | Entered Level 6 of the Lair of Beasts
 14817 | Lair:6   | Found a radiant altar of Vehumet.
 15042 | Lair:6   | Found a runed translucent door.
 15116 | Lair:6   | Paralysed by a hornet for 2 turns
 15141 | Lair:6   | Reached skill level 5 in Necromancy
 15355 | Lair:6   | Found a staircase to the Slime Pits.
 15355 | Lair:6   | Noticed an acid blob
 15358 | Lair:6   | Found a viscous altar of Jiyva.
 15364 | Lair:6   | Found a runed translucent door.
 15472 | Lair:6   | Identified the +1 scale mail of the Nightingale {+Inv rN++
                  | Int-2}
 15613 | Lair:6   | Identified the +9 hand axe of Fayd {drain, rElec rC++}
 16091 | Lair:6   | Reached XP level 15. HP: 142/183 MP: 23/23
 16334 | Orc:1    | Entered Level 1 of the Orcish Mines
 16334 | Orc:1    | Noticed an orc warlord
 16359 | D:11     | Killed an orc warlord
 16461 | Orc:2    | Entered Level 2 of the Orcish Mines
 16614 | Orc:1    | Found Qosoag's Overcharged Wands.
 16649 | Orc:1    | Found a runed translucent gate.
 16649 | Orc:1    | Found a runed translucent gate.
 16686 | Orc:1    | Found a runed translucent gate.
 16689 | Orc:1    | Noticed Oruetys's ghost (journeyman FoFi)
 16851 | Orc:2    | Found a staircase to the Elven Halls.
 16866 | Orc:2    | Noticed Sonja
 16901 | Orc:2    | Killed Sonja
 16902 | Orc:2    | Reached skill level 10 in Earth Magic
 17012 | Orc:2    | Paralysed by an orc sorcerer for 4 turns
 17108 | Orc:2    | Noticed Saint Roka
 17118 | Orc:2    | Paralysed by an orc sorcerer for 3 turns
 17153 | Orc:2    | Found Zecso's Antique Weapon Shoppe.
 17160 | Orc:2    | Found Xounusuo's Antique Armour Emporium.
 17357 | Orc:2    | Killed Saint Roka
 17434 | Orc:2    | Found Zabbamn's Antique Weapon Shoppe.
 17563 | Orc:2    | Found Lyzeofec's Antique Armour Emporium.
 18018 | D:14     | Found a frozen archway.
 18157 | IceCv    | Entered an ice cave
 19339 | IceCv    | Noticed an Ice Fiend
 20013 | IceCv    | Killed an Ice Fiend
 20124 | IceCv    | Identified the +8 great mace of Zanaf {flame, Int+3}
 20658 | D:14     | Found an opulent altar of Gozag.
 20716 | D:14     | Reached XP level 16. HP: 170/193 MP: 27/27
 20764 | D:14     | Found a portal to a secret trove of treasure.
 20963 | D:15     | Entered Level 15 of the Dungeon
 21128 | D:15     | Reached skill level 1 in Armour
 21308 | D:15     | Reached skill level 14 in Fighting
 21495 | D:15     | Learned a level 4 spell: Olgreb's Toxic Radiance
 21499 | D:15     | Learned a level 3 spell: Ignite Poison
 21647 | D:15     | Found a staircase to the Depths.
 21687 | D:15     | Reached skill level 1 in Poison Magic
 22123 | Depths:1 | Entered Level 1 of the Depths
 22206 | Depths:1 | Paralysed by a great orb of eyes for 2 turns
 22327 | Depths:1 | Paralysed by a great orb of eyes for 6 turns
 22356 | Depths:1 | Found a white marble altar of Elyvilon.
 22378 | Depths:1 | HP: 3/193 [spark wasp (17)]
 22469 | Depths:1 | HP: 8/197 [stone giant (19)]
 22476 | Depths:1 | HP: 7/197 [stone giant/large rock (19)]
 22573 | Depths:1 | Found a gateway to Hell.
 22798 | Depths:1 | HP: 7/197 [spark wasp (20)]
 22798 | Depths:1 | Mangled by a spark wasp

Illustrated notes

Levels and vault maps discovered:
D:1:      minmay_arrival_cross, layout_basic
D:2:      layout_basic, st_stairs_10
D:3:      layout_loops_ring, nicolae_overflow_hidden_temple,
          shapermc_ecumenical_altar_pompeii, serial_shops,
          nicolae_shop_waterfront, nicolae_shop_trees, shop,
          nicolae_shop_statue_plus
D:4:      layout_loops_ring, amcnicky_altar_gilded, minmay_door_square
D:5:      layout_loops_ring, okawaru_altar_gauntlet_db,
          minmay_temple_entry_proselytizer, nicolae_wormholes, uniq_ijyb
D:6:      layout_basic, gammafunk_temple_overflow_elements,
          mainiacjoe_overflow_six_doors_small, serial_shops, shop
D:7:      layout_cave_pools, lemuel_tele_altar, enter_bailey_4,
          minmay_misc_feat_rows
D:8:      layout_basic, mainiacjoe_overflow_divided_tiny, uniq_grum, uniq_pikel
D:9:      layout_rooms
D:10:     layout_small_grid, david_lair_generic, special_room [special_room_orc]
D:11:     layout_big_octagon, hiddenorc2_lemuel, st_stairs_6, uniq_urug
D:12:     layout_basic, hangedman_incinerator, uniq_nessos
D:13:     layout_rooms, erik_vaults_2, nzn_ghost_randoct,
          kennysheep_windowed_goal
D:14:     layout_stronghold, serial_ice, serial_ice_a, serial_ice_h,
          serial_ice_i, serial_ice_g, serial_ice_e, serial_ice_d, serial_ice_o,
          portal_ice_cave_entry_ice_statue_two, nicolae_trove_entry_diagonal,
          grunt_gozag_breadcrumbs
D:15:     gammafunk_enter_depths_forms, layout_grid_maze
Temple:   nicolae_temple_figure_eight
Lair:1:   layout_roguey, serial_bayou_shore_a, grunt_megastairs_2
Lair:2:   layout_regular_city, dummy_spider_entry, minivault_23,
          grunt_megastairs_3
Lair:3:   layout_regular_city, elwin_shoals_entry_rocks, basic_altar,
          grunt_forest_stairs_basic
Lair:4:   layout_layer_cave, lemuel_fruit_tree, infiniplex_staircase_pool_2
Lair:5:   layout_cave_pods, basic_altar
Lair:6:   wormcave, layout_long_grid, hangedman_lair_in_review, slime_altar_2,
          basic_altar, kilobyte_rumbling_trees
Orc:1:    layout_caves, gammafunk_ghost_necromancy,
          nicolae_shop_overcharged_wands
Orc:2:    grunt_orc_community_town_hall, layout_caves,
          grunt_orc_community_big_house_2, grunt_orc_community_big_house_1,
          grunt_orc_community_house_1, grunt_orc_community_house_1,
          grunt_orc_community_house_3, grunt_orc_community_house_3,
          grunt_orc_community_house_1, grunt_orc_community_house_2, uniq_sonja
Depths:1: layout_gridlike, hell_entry, dk_noncrumbling_4, lemuel_angel_altar

Skill      XL: |  1  2  3  4  5  6  7  8  9 10 11 12 13 14 15 16 |
---------------+-------------------------------------------------+-----
Polearms       | 3 4 5 6 7 9 10 12 | 12.0
Fighting       | 3 4 5 6 7 9 12 13 14 | 14.9
Dodging        | 3 4 5 6 7 |  7.1
Axes           | 1 2 |  2.2
Earth Magic    | 3 5 9 13 | 13.7
Transmutations | 2 3 |  3.0
Spellcasting   | 1 2 3 |  3.6
Shields        | 5 6 |  6.5
Necromancy     | 1 5 7 |  7.0
Armour         | 1 |  1.3
Poison Magic   | 4 |  4.5
Stealth        | |  1.0

Action                   |  1- 3 |  4- 6 |  7- 9 | 10-12 | 13-15 | 16-18 || total
-------------------------+-------+-------+-------+-------+-------+-------++-------
Melee: Spear             |   154 |    38 |       |       |       |       ||   192
       Punch             |     1 |     6 |     3 |     7 |       |       ||    17
       Trident           |       |   140 |   240 |   602 |  1388 |   247 ||  2617
Throw: Boomerang         |       |       |       |       |     7 |       ||     7
 Cast: Borgnjor's Vile C |       |       |       |       |    42 |    17 ||    59
Invok: Curse Item        |       |       |     2 |     3 |     2 |       ||     7
Evoke: Wand              |       |       |       |       |     1 |       ||     1
       Condenser vane    |       |       |       |       |     1 |       ||     1
  Use: Scroll            |       |       |     7 |     2 |     2 |     2 ||    13
       Potion            |       |       |     1 |       |     2 |     1 ||     4
 Stab: Sleeping          |     6 |     7 |     4 |     2 |       |       ||    19
       Distracted        |       |       |     3 |    10 |    21 |     7 ||    41
       Petrified         |       |       |       |       |     2 |       ||     2
Armor: Robe              |    55 |    45 |    58 |    28 |       |       ||   186
       Skin              |       |       |     3 |       |       |       ||     3
       Acid dragon scale |       |       |       |    79 |   230 |    36 ||   345
Dodge: Dodged            |    57 |    79 |    90 |   191 |   309 |    49 ||   775
Block: Tower shield      |       |       |       |       |   773 |   136 ||   909

Table legend: (Time is in decaauts)
 A = Elapsed time spent in this place.
 B = Non-inter-level travel time spent in this place.
 C = Inter-level travel time spent in this place.
 D = Time resting spent in this place.
 E = Time spent auto-exploring this place.
 F = Levels seen in this place.
 G = Mean time per level.
                   A        B        C        D        E       F      G
               +--------+--------+--------+--------+--------+-----+--------+
         Total |  22383 |  20486 |   1897 |   1645 |  12048 |  27 |  829.0 |
       Dungeon |  12648 |  11112 |   1536 |    226 |   7668 |  15 |  843.2 |
        Temple |     57 |     42 |     15 |      0 |      9 |   1 |   57.0 |
          Lair |   5104 |   4817 |    287 |    314 |   3160 |   6 |  850.7 |
  Orcish Mines |   1486 |   1429 |     57 |      0 |    765 |   2 |  743.0 |
        Depths |    655 |    655 |      0 |    210 |    143 |   1 |  655.0 |
        Bailey |    360 |    360 |      0 |     88 |     32 |   1 |  360.0 |
      Ice Cave |   2070 |   2070 |      0 |    807 |    271 |   1 | 2070.0 |
               +--------+--------+--------+--------+--------+-----+--------+

Top non-repeatable levels by time:
   IceCv: 2070 daAuts
  Lair:6: 1427 daAuts
    D:12: 1345 daAuts
     D:5: 1139 daAuts
    D:15: 1131 daAuts
   Orc:2: 1025 daAuts
    D:11: 986 daAuts
  Lair:5: 958 daAuts
     D:3: 922 daAuts
    D:14: 897 daAuts
  Lair:4: 892 daAuts
     D:4: 889 daAuts
     D:2: 810 daAuts
    D:10: 789 daAuts
     D:8: 700 daAuts
